 Dungeon Crawl Stone Soup version 0.30-a0-596-g0af90f9a20 (webtiles) character file.

Game seed: 16745769324403280696

136 Newt the Trooper (level 4, -6/36 (37) HPs)
             Began as a Demonspawn Gladiator on Jan 6, 2023.
             Mangled by Crazy Yiuf
             ... wielding a +4 quarterstaff of chaos
              (13 damage)
             ... on level 3 of the Dungeon.
             The game lasted 00:03:27 (3481 turns).

Newt the Trooper (Demonspawn Gladiator)             Turns: 3481, Time: 00:03:27

HP:   -6/36 (37)    AC:  4    Str: 16    XL:     4   Next: 98%
MP:   4/4           EV: 12    Int:  9    God:
Gold: 239           SH:  0    Dex: 15    Spells: 3/3 levels left

rFire   . . .      SeeInvis .    a - +1 rapier
rCold   . . .      Faith    .    (no shield)
rNeg    . . .      Spirit   .    b - +0 leather armour
rPois   .          Reflect  .    c - +0 helmet
rElec   .          Harm     .    (no cloak)
rCorr   .          Rampage  .    (no gloves)
Will    .....                    (no boots)
Stlth   ++                       (no amulet)
HPRegen 0.26/turn                (no ring)
MPRegen 0.09/turn                (no ring)

@: attractive, studying Stealth, lightly drained
A: spiny 1
a: no special abilities


You were on level 3 of the Dungeon.
You visited 1 branch of the dungeon, and saw 3 of its levels.

You collected 239 gold pieces.

Inventory:

Hand Weapons
 a - a +1 rapier (weapon)
Missiles
 e - a javelin (quivered)
 l - 6 poisoned darts
Armour
 b - a +0 leather armour (worn)
 c - a +0 helmet (worn)
Wands
 n - a wand of flame (9)
Scrolls
 g - a scroll of identify
 h - a scroll of amnesia
Potions
 j - a potion of mutation
 k - a potion of flight {unknown}


   Skills:
 - Level 4.0 Fighting
 + Level 3.5 Short Blades
 - Level 1.7 Throwing
 - Level 2.6 Dodging
 - Level 2.0 Stealth


You had 3 spell levels left.
You didn't know any spells.
Your spell library contained the following spells:

 Spells                   Type           Power      Damage    Failure   Level
 Ensorcelled Hibernation  Hex/Ice        0%         N/A       58%         2
 Passwall                 Tmut/Erth      0%         N/A       58%         2
 Swiftness                Air            0%         N/A       83%         3


Dungeon Overview and Level Annotations

Branches:
Dungeon (3/15)

Altars:
Gozag

Annotations:
D:3 Crazy Yiuf


Innate Abilities, Weirdness & Mutations

You are partially covered in sharp spines.


Message History

You resist with some effort.
As you read the scroll labelled GOWOLUMASE, it crumbles to dust.
You assume a fearsome visage.
Crazy Yiuf looks frightened!
It was a scroll of fear.
You see here a staff of air.
You start resting.
HP restored.
You start waiting.
Done waiting.
You start waiting.
Crazy Yiuf is nearby!
Crazy Yiuf shouts!
You hit Crazy Yiuf but do no damage.
Crazy Yiuf flaps his cloak.
Crazy Yiuf closely misses you.
You closely miss Crazy Yiuf. Crazy Yiuf is struck by your spines.
Crazy Yiuf hits you with a +4 quarterstaff of chaos.
You hit Crazy Yiuf but do no damage.
Crazy Yiuf is lightly wounded.
Crazy Yiuf hits you with a +4 quarterstaff of chaos!
Crazy Yiuf draws strength from your wounds!
You hit Crazy Yiuf.
Crazy Yiuf is lightly wounded.
Crazy Yiuf grits, "Rifle arm shrimp!"
Crazy Yiuf is struck by your spines.
Crazy Yiuf hits you with a +4 quarterstaff of chaos!
Crazy Yiuf freezes you.
You hit Crazy Yiuf.
Crazy Yiuf is moderately wounded.
Crazy Yiuf is struck by your spines. Crazy Yiuf barely misses you.
You hit Crazy Yiuf but do no damage.
Crazy Yiuf is moderately wounded.
Crazy Yiuf barely misses you.
You feel better.
Crazy Yiuf hits you with a +4 quarterstaff of chaos!
* * * LOW HITPOINT WARNING * * *
It was a potion of attraction.
You feel attractive to monsters.
Crazy Yiuf hits you with a +4 quarterstaff of chaos!
You die...

#.......# #########
#.......# #.......#
#.......# #.......#
#.......# #.......#
#.......# #.......##
#)......#
#........####.......##
#.....g..|...........###
#>.....@####......##....
#.........#######..#..#.
#.......#..#### ##.#..).
##########....# ##....#
####.### #...)#
######...# ♣....♣
#...####.# ♣...♣♣ ####
#...###..# ♣♣.♣♣
#..###.......## ♣.♣♣


You could see Crazy Yiuf.

Vanquished Creatures
  An orc wizard (D:3)
  3 adders (D:2)
  2 worms (D:2)
  2 dart slugs (D:3)
  4 orcs (D:3)
  4 bats
  6 endoplasms
  4 giant cockroaches
  4 hobgoblins (D:2)
  3 jackals (D:1)
  4 kobolds (D:1)
  4 quokkas
  3 ball pythons
  5 frilled lizards
  9 goblins
  8 rats
66 creatures vanquished.

Notes
Turn   | Place    | Note
-------+----------+-------------------------------------------
     0 | D:1      | Newt the Demonspawn Gladiator began the quest for the Orb.
     0 | D:1      | Reached XP level 1. HP: 16/16 MP: 1/1
    37 | D:1      | Reached skill level 1 in Stealth
   113 | D:1      | Gained mutation: You are partially covered in sharp spines.
                  | [demonic ancestry]
   113 | D:1      | Reached XP level 2. HP: 22/22 MP: 2/2
   628 | D:1      | Reached XP level 3. HP: 26/28 MP: 3/3
   800 | D:2      | Reached skill level 3 in Fighting
  1355 | D:2      | Reached XP level 4. HP: 37/37 MP: 4/4
  1545 | D:2      | Reached skill level 4 in Fighting
  2063 | D:3      | Found a faded altar of an unknown god.
  2101 | D:3      | Identified a scroll of acquirement
  2101 | D:3      | Acquired a manual of Stealth
  3124 | D:3      | Found a runed translucent door.
  3125 | D:3      | Noticed Crazy Yiuf
  3189 | D:3      | Found an opulent altar of Gozag.
  3481 | D:3      | Mangled by Crazy Yiuf

Illustrated notes

Levels and vault maps discovered:
D:1:      dpeg_arrival_boxes_within_box, layout_basic
D:2:      layout_basic, wad_floor_pattern_untrapped
D:3:      layout_rooms, nicolae_gozag_cash_rules_everything_around_me,
          zin_statuary, serial_curves, eino_curves_03, eino_curves_04,
          nicolae_ecumenical_oubliette, uniq_crazy_yiuf_cottage

Skill      XL: |  1  2  3  4 |
---------------+-------------+-----
Stealth        | 1 2 |  2.0
Fighting       | 3 4 |  4.0
Short Blades   | 3 |  3.5
Throwing       | |  1.7
Dodging        | |  2.6

Action                   |  1- 3 |  4- 6 || total
-------------------------+-------+-------++-------
Melee: Rapier            |    78 |    64 ||   142
Throw: Throwing net      |     2 |     4 ||     6
       Javelin           |     1 |       ||     1
  Use: Scroll            |     1 |     6 ||     7
       Potion            |       |     3 ||     3
 Stab: Sleeping          |     6 |     1 ||     7
       Held in net/web   |     1 |       ||     1
Armor: Leather armour    |    24 |    12 ||    36
Dodge: Dodged            |    37 |    23 ||    60

Table legend: (Time is in decaauts)
 A = Elapsed time spent in this place.
 B = Non-inter-level travel time spent in this place.
 C = Inter-level travel time spent in this place.
 D = Time resting spent in this place.
 E = Time spent auto-exploring this place.
 F = Levels seen in this place.
 G = Mean time per level.
                   A        B        C        D        E       F      G
               +--------+--------+--------+--------+--------+-----+--------+
         Total |   3490 |   3414 |     76 |   1005 |   1925 |   3 | 1163.3 |
       Dungeon |   3490 |   3414 |     76 |   1005 |   1925 |   3 | 1163.3 |
               +--------+--------+--------+--------+--------+-----+--------+

Top non-repeatable levels by time:
     D:2: 1536 daAuts
     D:3: 1230 daAuts
     D:1: 724 daAuts
